Map: Invader LE

Players

Nerchio - Winner!

  • Race: Zerg Zerg

Polt

  • Race: Terran Terran

Event: DreamHack Open Tours WCS Spring Championship

VOD

https://www.youtube.com/watch?v=rHFRKrznuPQ

Description

Time

  • Played on: May 16, 2016, 6:12 a.m.
  • Length: 15:52

All games in this series

Show
View Real Time Build Order
Export as new Build Order

Nerchio Zerg - Winner!

Build Orders: Hatch First 

Get SALT Encoding   

  12  0:00  Drone  
  13  0:12  Overlord  
  13  0:17  Drone  
  14  0:30  Drone x2  
  14  0:34  Drone  
  17  0:51  Hatchery  
  17  0:55  Drone  
  17  0:58  Drone  
  18  1:05  Extractor  
  17  1:14  Spawning Pool  
  17  1:17  Drone  
  17  1:20  Drone  
  18  1:28  Drone  
  19  1:38  Overlord  
  19  1:54  Drone  
  19  2:00  Queen  
  22  2:04  Queen, Metabolic Boost  
  22  2:07  Zergling x2  
  25  2:09  Drone  
  25  2:11  Zergling x2  
  25  2:15  Drone  
  28  2:21  Drone  
  29  2:25  Drone  
  30  2:32  Drone  
  31  2:40  Hatchery  
  31  2:42  Drone  
  31  2:44  Drone  
  31  2:48  Overlord  
  32  2:53  Drone  
  32  2:57  Drone  
  34  3:05  Queen  
  36  3:07  Drone x2  
  36  3:08  Drone  
  36  3:09  Drone  
  36  3:12  Overlord  
  40  3:14  Drone  
  40  3:17  Drone  
  40  3:19  Drone  
  43  3:27  Drone  
  43  3:30  Queen, Drone x2  
  48  3:37  Roach Warren, Drone  
  48  3:39  Drone  
  48  3:40  Drone  
  50  3:45  Overlord  
  50  3:47  Overlord, Extractor  
  49  3:59  Lair  
  49  4:03  Queen  
  50  4:20  Drone  
  50  4:21  Drone x3  
  53  4:24  Spore Crawler  
  53  4:25  Spore Crawler, Roach x6  
  53  4:27  Drone  
  53  4:28  Drone  
  53  4:29  Drone  
  66  4:35  Spore Crawler, Drone  
  66  4:37  Overlord  
  66  4:40  Overlord  
  66  4:45  Overlord  
  66  4:49  Evolution Chamber, Extractor  
  66  4:52  Evolution Chamber  
  63  4:54  Drone x3  
  63  4:55  Drone  
  63  4:57  Overseer  
  63  4:58  Drone  
  68  5:00  Drone  
  68  5:03  Drone  
  68  5:05  Drone  
  71  5:07  Drone  
  71  5:08  Drone  
  71  5:13  Extractor  
  72  5:15  Overseer  
  72  5:17  Spore Crawler  
  71  5:22  Zerg Melee Weapons Level 1  
  71  5:23  Zerg Ground Armor Level 1, Drone  
  71  5:24  Drone  
  71  5:28  Drone x3  
  76  5:30  Drone  
  76  5:31  Drone  
  76  5:33  Drone  
  76  5:37  Drone x2  
  76  5:38  Drone  
  76  5:40  Drone  
  76  5:42  Drone x2  
  81  5:48  Drone x3  
  81  5:49  Drone  
  85  5:52  Glial Reconstitution  
  85  5:57  Drone, Infestation Pit  
  85  5:58  Drone  
  85  6:00  Drone  
  85  6:01  Extractor  
  85  6:02  Overlord  
  85  6:03  Extractor  
  85  6:04  Drone  
  85  6:05  Drone  
  85  6:07  Drone  
  85  6:08  Drone  
  85  6:09  Drone  
  82  6:19  Drone x7  
  82  6:24  Drone  
  82  6:25  Drone x3  
  88  6:31  Queen  
  90  6:33  Infestor  
  90  6:37  Infestor  
  94  6:41  Overlord  
  94  6:52  Roach x2  
  94  6:53  Overlord, Hatchery  
  97  6:56  Spore Crawler  
  97  6:59  Overlord  
  94  7:10  Hive  
  94  7:13  Roach x4  
  102  7:17  Zerg Ground Armor Level 2, Zerg Melee Weapons Level 2  
  103  7:22  Zergling x2  
  103  7:23  Zergling x8  
  103  7:25  Drone  
  103  7:26  Drone  
  103  7:28  Ravager  
  103  7:29  Ravager x4  
  114  7:30  Overlord  
  114  7:33  Overlord  
  114  7:35  Overlord  
  114  7:40  Overlord  
  114  7:42  Pneumatized Carapace  
  114  7:51  Overseer  
  114  7:53  Zergling x18  
  123  8:05  Drone  
  123  8:06  Drone  
  123  8:09  Zergling x10  
  129  8:13  Zergling x4  
  129  8:15  Extractor  
  130  8:20  Zergling x6  
  130  8:23  Zergling x10  
  130  8:24  Zergling x2  
  130  8:26  Queen  
  137  8:30  Ultralisk Cavern  
  130  8:42  Spore Crawler, Extractor  
  130  8:44  Zergling x2  
  130  8:45  Spore Crawler, Zergling x18  
  130  8:46  Spore Crawler  
  136  8:52  Overlord x2  
  136  8:56  Drone  
  136  8:57  Overlord x4  
  136  9:17  Chitinous Plating  
  136  9:18  Ultralisk x2  
  136  9:21  Ultralisk  
  154  9:29  Ultralisk  
  158  9:37  Ultralisk  
  163  9:41  Zergling x6  
  163  9:42  Zergling x8  
  163  9:44  Zergling x2  
  167  9:46  Zergling x4  
  167  9:50  Zergling x8  
  167  9:52  Zergling x2  
  168  9:53  Zergling x2  
  168  9:54  Zergling x2  
  168  9:56  Zergling x4  
  168  9:57  Zergling x2  
  163  10:01  Zergling x2  
  163  10:06  Ultralisk  
  165  10:10  Zergling x2  
  165  10:11  Zergling x2  
  152  10:15  Overseer x2, Zergling x8  
  152  10:17  Zergling x2  
  152  10:19  Zergling x2  
  152  10:20  Zergling x4  
  149  10:27  Zergling x10  
  154  10:35  Zergling x8  
  154  10:42  Ultralisk  
  131  10:43  Zergling x2  
  131  10:44  Queen  
  131  10:47  Zergling x4  
  131  10:49  Zergling x4  
  134  10:52  Zergling x2  
  133  11:01  Ultralisk  
  126  11:06  Ultralisk  
  130  11:11  Infestor x2  
  130  11:13  Infestor  
  128  11:20  Drone x5  
  119  11:29  Roach x5  
  119  11:32  Roach  
  128  11:39  Roach x3  
  134  11:40  Roach  
  134  11:41  Roach  
  134  11:44  Roach  
  140  11:55  Hatchery  
  140  12:01  Ravager x9  
  144  12:05  Zergling x12  
  154  12:09  Zergling x8  
  154  12:11  Zergling x2  
  159  12:19  Overlord  
  159  12:20  Overlord x2  
  158  12:25  Overlord x2  
  158  12:29  Hatchery  
  157  12:36  Overlord  
  156  12:39  Zerg Ground Armor Level 3  
  156  12:40  Zerg Melee Weapons Level 3  
  156  12:50  Ultralisk  
  162  12:58  Zergling x20  
  168  12:59  Zergling x2  
  173  13:10  Ultralisk  
  173  13:12  Zergling x10  
  184  13:13  Zergling x2  
  168  13:38  Zergling x18  
  168  13:39  Zergling x8  
  181  13:43  Roach x2  
  181  13:44  Roach x3  
  191  13:54  Roach x4  
  191  13:55  Roach x2  
  197  14:09  Ultralisk  
  199  14:16  Spire  
  195  14:21  Zergling x8  
  181  14:41  Ultralisk x3  
  181  14:43  Ultralisk  
  187  14:47  Extractor  
  187  14:51  Zergling x12  
  176  14:58  Ravager x5  
  181  15:02  Zergling x10  
  181  15:03  Zergling x2  
  181  15:04  Zergling x2  
  181  15:06  Zergling x2  
  186  15:08  Zergling x2  
  186  15:12  Zergling x4  
  186  15:13  Zergling x2  
  178  15:17  Zergling x4  
  168  15:35  Hatchery  
Show
View Real Time Build Order
Export as new Build Order

Polt Terran 

Build Orders: Command Center First (CC), Bio Tank 

Get SALT Encoding   

  12  0:00  SCV  
  13  0:13  SCV  
  14  0:17  Supply Depot  
  14  0:25  SCV  
  15  0:39  SCV  
  16  0:51  SCV  
  17  1:03  SCV, Command Center  
  18  1:13  Barracks  
  18  1:15  SCV  
  19  1:27  SCV  
  19  1:29  Refinery  
  20  1:35  Refinery  
  20  1:39  SCV  
  21  1:51  SCV  
  22  1:59  Marine  
  23  2:04  Orbital Command, Bunker  
  23  2:14  Orbital Command  
  23  2:20  Factory  
  23  2:25  Marine  
  25  2:30  SCV  
  25  2:33  Supply Depot  
  25  2:40  SCV  
  25  2:42  SCV  
  25  2:44  Marine  
  28  2:52  SCV  
  28  2:54  SCV  
  30  3:01  Marine  
  30  3:04  SCV  
  32  3:06  SCV, Starport x2  
  32  3:11  Hellion  
  35  3:16  SCV  
  35  3:18  Supply Depot, SCV  
  37  3:28  SCV  
  37  3:30  SCV  
  39  3:36  Barracks Tech Lab  
  39  3:38  Supply Depot  
  39  3:40  SCV  
  40  3:42  SCV  
  40  3:46  Starport Tech Lab x2  
  41  3:53  SCV  
  41  3:54  SCV  
  43  4:05  SCV, Cloaking Field, Banshee x2  
  43  4:06  SCV  
  51  4:16  Command Center  
  51  4:20  SCV x2  
  53  4:26  Marine  
  54  4:32  SCV x2  
  54  4:36  Supply Depot, Refinery  
  54  4:37  Refinery  
  56  4:44  SCV  
  56  4:45  SCV  
  58  4:46  Marine  
  58  4:49  Banshee  
  62  4:56  Supply Depot  
  62  4:57  SCV x2, Banshee  
  62  4:59  Stimpack  
  67  5:03  Factory Reactor  
  67  5:04  Marine, Barracks  
  67  5:05  Barracks  
  68  5:08  Engineering Bay  
  68  5:09  Engineering Bay  
  68  5:13  SCV  
  68  5:14  SCV  
  70  5:23  Barracks  
  70  5:26  SCV x2, Barracks  
  70  5:27  Marine  
  73  5:29  Supply Depot  
  73  5:40  Orbital Command  
  73  5:49  SCV x2  
  75  5:53  Marine, Barracks Reactor  
  75  5:55  Medivac x2, Terran Infantry Weapons Level 1, Terran Infantry Armor Level 1  
  75  5:56  Siege Tank  
  83  6:01  SCV x2  
  85  6:16  Orbital Command  
  85  6:24  Marine x3  
  88  6:26  Barracks Reactor x2  
  88  6:29  Siege Tank  
  88  6:30  SCV x2  
  93  6:33  Supply Depot x2  
  93  6:34  Supply Depot  
  93  6:35  Missile Turret  
  93  6:41  Medivac x2  
  93  6:42  SCV x3  
  93  6:46  Missile Turret  
  100  6:48  Missile Turret  
  100  6:49  Supply Depot x2, Refinery  
  100  6:50  Refinery  
  100  6:54  SCV  
  100  6:55  SCV x2  
  100  6:56  Marine x5  
  111  7:01  Siege Tank  
  111  7:03  Marine x4  
  111  7:04  Armory  
  112  7:10  SCV  
  112  7:11  SCV x2  
  115  7:18  Combat Shields  
  113  7:24  Marine x9  
  113  7:28  Sensor Tower  
  122  7:32  Supply Depot  
  122  7:33  Supply Depot  
  122  7:35  Supply Depot  
  122  7:43  Siege Tank  
  125  7:44  Marine x8  
  125  7:45  Marine  
  125  7:46  Medivac x2  
  125  7:49  Factory  
  138  7:56  Terran Infantry Weapons Level 2  
  138  7:58  Terran Vehicle Weapons Level 1  
  138  8:04  Marine x2  
  138  8:05  Marine x7  
  146  8:12  Supply Depot x2  
  147  8:13  Supply Depot  
  147  8:17  Siege Tank  
  150  8:23  Medivac x2  
  154  8:28  Marine x4  
  154  8:29  Marine x5  
  163  8:40  Factory Tech Lab  
  161  8:46  Terran Infantry Armor Level 2  
  161  8:47  Marine x9  
  170  8:49  Command Center  
  170  8:55  Barracks  
  170  8:56  Barracks  
  170  9:09  Marine x2  
  170  9:10  Marine x7  
  170  9:12  Siege Tank x2  
  185  9:20  Medivac x2  
  186  9:32  Marine x3  
  189  9:38  Marine x3  
  189  9:40  Marine  
  189  9:42  Marine x2  
  189  9:50  Siege Tank  
  189  9:51  Siege Tank  
  189  9:52  Marine x5  
  182  9:56  Marine x3  
  182  9:58  Marine  
  189  10:01  Marine x2  
  179  10:12  Liberator  
  179  10:13  Liberator  
  175  10:14  Barracks Tech Lab  
  175  10:15  Marine x2, Barracks Tech Lab  
  175  10:16  Marauder, Marine x4  
  175  10:18  Marine x2  
  180  10:28  Thor x2  
  147  10:50  Marauder x3, Marine x8  
  129  11:12  Marauder x3, Marine x8  
  114  11:25  SCV x2  
  114  11:26  SCV, Orbital Command  
  117  11:32  Liberator  
  117  11:33  Liberator  
  117  11:49  Terran Ship Weapons Level 1  
  123  12:12  Marauder x3  
  133  12:22  Thor x2  
  131  12:41  Marauder x3, Marine x4  
  131  12:42  Starport Reactor  
  145  12:45  Liberator x4  
  141  13:04  Terran Infantry Weapons Level 3  
  150  13:09  Thor x2, Orbital Command  
  155  13:34  Liberator x3  
  153  13:47  Liberator  
  152  13:57  Orbital Command  
  147  14:20  Liberator x2  

Tags
 
Add a new tag
Caveats
  • Supply blocks, unpowered buildings, or Contaminate may cause inaccurate times.
  • Supply counts are checked every 10 seconds.